 Dungeon Sprint DCSS version 0.21-a0-72-gbbb65ab (webtiles) character file.

2099 Kidiri the Fighter (level 9, 0/74 HPs)
             Began as a Demonspawn Transmuter on June 20, 2017.
             Was a High Priest of Wu Jian.
             Slain by an alligator snapping turtle (40 damage)
             ... in the Dungeon (Sprint VII: "The Pits").
             The game lasted 00:08:04 (1524 turns).

Kidiri the Fighter (Demonspawn Transmuter)          Turns: 1524, Time: 00:08:05

Health: 0/74       AC:  6    Str: 14    XL:     9   Next: 7%
Magic:  6/20       EV: 22    Int: 14    God:    Wu Jian [*****.]
Gold:   0          SH:  0    Dex: 14    Spells: 10/23 levels left

rFire    . . .     SeeInvis .     - Unarmed
rCold    . . .     Gourm    .   (shield currently unavailable)
rNeg     . . .     Faith    .   r - +0 leather armour
rPois    .         Spirit   .   (helmet restricted)
rElec    .         Reflect  .   w - +0 cloak
rCorr    .         Harm     .   (gloves currently unavailable)
MR       .....     NoTele   +   (no boots)
Stlth    +++.......             (no amulet)
HPRegen  3.22/turn              s - +3 ring of evasion
MPRegen  0.17/turn              t - +3 ring of evasion

@: blade hands, very slightly contaminated
A: antennae 1, icy blue scales 1, powered by death 3
a: End Transformation, Serpent's Lash, Heavenly Storm, Renounce Religion


You were in the Dungeon.
You worshipped Wu Jian.
Wu Jian was extremely pleased with you.
You were full.
You had blades for hands.
You visited 1 branch

Inventory:

Missiles
 a - 35 arrows
Armour
 b - a +4 scale mail
 r - a +0 leather armour (worn)
 w - a +0 cloak (worn)
Jewellery
 s - a +3 ring of evasion (left scythe-like blade)
 t - a +3 ring of evasion (right scythe-like blade)
Scrolls
 j - a scroll of blinking
 m - 3 scrolls of remove curse
 n - 5 scrolls of amnesia
 o - a scroll of summoning
Potions
 e - 5 potions of curing
 f - 6 potions of heal wounds
 g - 2 potions of haste
 h - 3 potions of magic
 i - a potion of berserk rage
 l - 2 potions of invisibility
 u - 3 potions of might
 v - 3 potions of agility
Books
 c - a book of Changes

   Spells                             Type                      Level
   a - Beastly Appendage              Transmutation                1
   b - Sticks to Snakes               Transmutation                2
   c - Spider Form                    Transmutation/Poison         3
   d - Ice Form                       Ice/Transmutation            4
   e - Blade Hands                    Transmutation                5
Comestibles
 d - 8 bread rations
 k - 14 chunks of flesh
 p - 29 fruits
 q - 7 meat rations


   Skills:
 * Level 8.2 Fighting
 + Level 4.9 Armour
 * Level 7.2 Dodging
 + Level 5.5 Stealth
 * Level 7.7 Unarmed Combat
 * Level 7.6 Spellcasting
 * Level 7.4 Transmutations
 + Level 4.4 Ice Magic
 + Level 4.9 Poison Magic


You had 10 spell levels left.
You knew the following spells:

 Your Spells              Type           Power        Failure   Level  Hunger
a - Beastly Appendage     Tmut           ####..       14%         1    None
b - Spider Form           Tmut/Pois      ###.......   28%         3    ##.....
c - Ice Form              Ice/Tmut       ###.....     54%         4    ####...
d - Blade Hands           Tmut           ####......   65%         5    #####..


Dungeon Overview and Level Annotations

Branches:
Dungeon (1/1)

Altars:
Ashenzari
Cheibriados
Dithmenos
Elyvilon
Fedhas
Gozag
Hepliaklqana
Kikubaaqudgha
Makhleb
Nemelex Xobeh
Okawaru
Qazlal
Ru
Sif Muna
Trog
Uskayaw
Vehumet
Wu Jian
Xom
Yredelemnul
Zin
The Shining One
Beogh
Jiyva
Lugonu


Innate Abilities, Weirdness & Mutations

You have a pair of small antennae on your head.
You are partially covered in icy blue scales. (AC +2)
You regenerate a lot of health from kills.


Message History

The alligator snapping turtle is heavily wounded.
The alligator snapping turtle bites you!!!
You slice the alligator snapping turtle!!
The alligator snapping turtle is severely wounded.
Unknown command.
You spin and attack the alligator snapping turtle.
You hit the alligator snapping turtle but do no damage.
The alligator snapping turtle is severely wounded.
The alligator snapping turtle bites you!!
* * * LOW HITPOINT WARNING * * *
Unknown command.
You spin and attack the alligator snapping turtle.
You hit the alligator snapping turtle but do no damage.
The alligator snapping turtle is severely wounded.
The alligator snapping turtle closely misses you.
Unknown command.
You feel much better.
The alligator snapping turtle bites you!!!
Ouch! That really hurt!
You die...

)#))#####+#####''######
.#))##.......##''#####
##))##.......##......#
.#[[##.......##......#
.#+###...<...###....##
....##.......# ##''##
....##.......###)...##
######.......##......#
.#..###########.@t...+
.#.############......#
.#.#....#...[###....##
.#+#[...#..[[# ##++##
.#รทรท....+..))#
.#+#....#..))#
.+)#....#..))#
##############


You could see an alligator snapping turtle.

Vanquished Creatures
  A two-headed ogre (D)
  A deep elf mage (D)
  A snapping turtle (D)
  A flying skull (D)
  A ynoxinul (D)
  A warg (D)
  An ogre (D)
  A centaur (D)
  3 wights (D)
  A crimson imp (D)
  A hound (D)
  A gnoll shaman (D)
  An iron imp (D)
  Jessica (D)
  A worker ant (D)
  A gnoll (D)
  An adder (D)
  A white imp (D)
  A worm (D)
  4 leopard geckos (D)
  An orc (D)
  A giant cockroach (D)
  4 jackals (D)
31 creatures vanquished.

Notes
Turn   | Place    | Note
-------+----------+-------------------------------------------
     0 | D        | Kidiri the Demonspawn Transmuter began the quest for the Orb.
     0 | D        | Reached XP level 1. HP: 15/15 MP: 3/3
    19 | D        | Reached skill level 2 in Fighting
    52 | D        | Found a bloodstained altar of Trog.
    52 | D        | Found a deep blue altar of Sif Muna.
    52 | D        | Found a viscous altar of Jiyva.
    52 | D        | Found a hazy altar of Hepliaklqana.
    52 | D        | Found an opulent altar of Gozag.
    53 | D        | Found a glowing golden altar of the Shining One.
    53 | D        | Found a glowing silver altar of Zin.
    53 | D        | Found a basalt altar of Yredelemnul.
    53 | D        | Found a shimmering altar of Xom.
    53 | D        | Found an ornate altar of the Wu Jian Council.
    53 | D        | Found a sacrificial altar of Ru.
    53 | D        | Found a stormy altar of Qazlal.
    53 | D        | Found an iron altar of Okawaru.
    53 | D        | Found a sparkling altar of Nemelex Xobeh.
    53 | D        | Found a burning altar of Makhleb.
    53 | D        | Found a blossoming altar of Fedhas.
    53 | D        | Found a white marble altar of Elyvilon.
    53 | D        | Found a shadowy altar of Dithmenos.
    53 | D        | Found a snail-covered altar of Cheibriados.
    55 | D        | Found a radiant altar of Vehumet.
    55 | D        | Found a corrupted altar of Lugonu.
    55 | D        | Found a roughly hewn altar of Beogh.
    56 | D        | Found a hide-covered altar of Uskayaw.
    56 | D        | Found an ancient bone altar of Kikubaaqudgha.
    56 | D        | Found a shattered altar of Ashenzari.
    64 | D        | Became a worshipper of the Wu Jian Council
   324 | D        | Reached * piety under Wu Jian
   326 | D        | Gained mutation: You have a pair of small antennae on your head. [demonic ancestry]
   326 | D        | Reached XP level 2. HP: 19/23 MP: 2/5
   338 | D        | Reached ** piety under Wu Jian
   520 | D        | Noticed a crimson imp
   526 | D        | Reached skill level 1 in Stealth
   544 | D        | Reached skill level 1 in Armour
   550 | D        | Reached skill level 3 in Fighting
   550 | D        | Gained mutation: You regenerate a little health from kills. [demonic ancestry]
   550 | D        | Reached XP level 3. HP: 12/29 MP: 5/7
   602 | D        | HP: 1/29 [crimson imp (3)]
   606 | D        | Reached *** piety under Wu Jian
   606 | D        | Reached XP level 4. HP: 2/35 MP: 6/9
   618 | D        | Learned a level 3 spell: Spider Form
   623 | D        | Learned a level 4 spell: Ice Form
   893 | D        | Noticed an ogre
   900 | D        | Killed an ogre
   900 | D        | Reached skill level 4 in Fighting
   900 | D        | Reached skill level 1 in Ice Magic
   900 | D        | Reached skill level 1 in Poison Magic
   900 | D        | Gained mutation: You regenerate health from kills. [demonic ancestry]
   900 | D        | Reached XP level 5. HP: 26/42 MP: 7/11
   935 | D        | Reached **** piety under Wu Jian
   935 | D        | Reached skill level 5 in Fighting
   935 | D        | Reached skill level 5 in Unarmed Combat
   988 | D        | Learned a level 5 spell: Blade Hands
  1184 | D        | Noticed a centaur
  1186 | D        | Noticed a flying skull
  1187 | D        | Killed a centaur
  1187 | D        | Reached skill level 5 in Spellcasting
  1187 | D        | Reached XP level 6. HP: 50/51 MP: 8/13
  1187 | D        | Noticed a deep elf mage
  1194 | D        | Reached skill level 5 in Transmutations
  1196 | D        | Killed a deep elf mage
  1196 | D        | Reached skill level 6 in Fighting
  1196 | D        | Reached skill level 5 in Dodging
  1196 | D        | Reached XP level 7. HP: 23/59 MP: 9/16
  1202 | D        | Killed a flying skull
  1202 | D        | Reached ***** piety under Wu Jian
  1307 | D        | Reached skill level 7 in Fighting
  1309 | D        | Noticed a snapping turtle
  1314 | D        | Killed a snapping turtle
  1314 | D        | Gained mutation: You regenerate a lot of health from kills. [demonic ancestry]
  1314 | D        | Reached XP level 8. HP: 32/67 MP: 8/18
  1360 | D        | Noticed Jessica
  1363 | D        | Reached skill level 5 in Stealth
  1363 | D        | Killed Jessica
  1510 | D        | Noticed a two-headed ogre
  1510 | D        | Noticed an alligator snapping turtle
  1517 | D        | Killed a two-headed ogre
  1517 | D        | Reached skill level 8 in Fighting
  1517 | D        | Gained mutation: You are partially covered in icy blue scales. (AC +2) [demonic ancestry]
  1517 | D        | Reached XP level 9. HP: 74/74 MP: 5/20
  1524 | D        | Slain by an alligator snapping turtle

Vault maps used:
D:        pitsprint

Skill      XL: |  1  2  3  4  5  6  7  8 |
---------------+-------------------------+-----
Fighting       | 2 3 4 5 6 7 8 |  8.2
Dodging        | 2 3 4 5 6 7 |  7.2
Transmutations | 2 3 4 6 7 |  7.4
Unarmed Combat | 3 4 5 6 7 |  7.7
Stealth        | 1 2 3 4 5 |  5.5
Armour         | 1 2 3 4 |  4.9
Spellcasting   | 3 4 5 6 7 |  7.6
Ice Magic      | 1 2 3 4 |  4.4
Poison Magic   | 1 2 3 4 |  4.9

Action                   |  1- 3 |  4- 6 |  7- 9 || total
-------------------------+-------+-------+-------++-------
Melee: Unarmed           |    79 |    35 |    37 ||   151
       Kick              |    10 |       |       ||    10
       Punch             |     1 |       |     1 ||     2
 Cast: Beastly Appendage |     8 |       |       ||     8
       Spider Form       |       |     2 |       ||     2
       Ice Form          |       |     2 |       ||     2
       Blade Hands       |       |       |     5 ||     5
Invok: Heavenly Storm    |       |       |     1 ||     1
  Use: Potion            |     4 |     3 |     1 ||     8
 Stab: Sleeping          |     1 |       |     1 ||     2
  Eat: Fruit             |       |    11 |       ||    11
Armor: Robe              |     9 |       |       ||     9
       Skin              |       |     3 |     1 ||     4
Dodge: Dodged            |    49 |    16 |    27 ||    92
